 Dungeon Sprint DCSS version 0.28.0-53-g5a82cb258f (webtiles) character file.

Game seed: 12390120257951610424

541 Zeld the Cleaver (level 7, 0/111 HPs)
             Began as a Minotaur Berserker on June 8, 2022.
             Was a High Priest of Trog.
             Slain by a ten-headed hydra (1 damage)
             ... in the Dungeon (Sprint IX: "|||||||||||||||||||||||||||||").
             The game lasted 00:00:34 (597 turns).

Zeld the Cleaver (Minotaur Berserker)                Turns: 597, Time: 00:00:35

Health: 0/111      AC:  4    Str: 24    XL:     7   Next: 5%
Magic:  6/6        EV: 13    Int:  4    God:    Trog [*****.]
Gold:   0          SH:  0    Dex:  9    Spells: 6/6 levels left

rFire   . . .      SeeInvis .   a - +1 broad axe
rCold   . . .      Faith    .   (no shield)
rNeg    . . .      Spirit   .   b - +0 animal skin
rPois   .          Reflect  .   (helmet restricted)
rElec   .          Harm     .   (no cloak)
rCorr   .          Rampage  .   k - +0 pair of gloves
Will    .....      NoTele   +   (no boots)
Stlth   ..........              (no amulet)
HPRegen 0.28/turn               (no ring)
MPRegen 0.10/turn               (no ring)

@: berserking, very quick
A: horns 2, retaliatory headbutt
a: Renounce Religion, Berserk, Trog's Hand, Brothers in Arms


You were in the Dungeon.
You worshipped Trog.
Trog was extremely pleased with you.
You visited 1 branch

Inventory:

Hand Weapons
 a - a +1 broad axe (weapon)
Armour
 b - a +0 animal skin (worn)
 k - a +0 pair of gloves (worn)
Wands
 j - a wand of acid (10)
Scrolls
 h - 2 scrolls of blinking
Potions
 c - 5 potions of curing
 d - 3 potions of heal wounds
 e - a potion of haste
 f - 4 potions of magic
 g - a potion of berserk rage
 i - a potion of invisibility


   Skills:
 * Level 11.1 Fighting
 * Level 11.1 Axes
 + Level 7.8 Armour
 + Level 7.0 Dodging


You had 6 spell levels left.
You didn't know any spells.
Your spell library was empty.

Dungeon Overview and Level Annotations

Branches:
Dungeon (1/1)

Altars:
Cheibriados
Dithmenos
Elyvilon
Fedhas
Gozag
Hepliaklqana
Kikubaaqudgha
Makhleb
Nemelex Xobeh
Okawaru
Qazlal
Ru
Sif Muna
Trog
Uskayaw
Vehumet
Wu Jian
Xom
Yredelemnul
Zin
The Shining One
Beogh
Jiyva
Lugonu


Innate Abilities, Weirdness & Mutations

You have a pair of horns on your head.
You reflexively headbutt those who attack you in melee.


Message History

The seven-headed hydra is lightly wounded.
Unknown command.
You barely miss the seven-headed hydra.
The seven-headed hydra is lightly wounded.
The seven-headed hydra closely misses you. x2
The seven-headed hydra bites you! x2
The seven-headed hydra bites you but does no damage. x2
The seven-headed hydra bites you!
You slice one of the seven-headed hydra's heads off!
The six-headed hydra grows two more!
You slash the eight-headed hydra! You headbutt the eight-headed hydra.
The eight-headed hydra is lightly wounded.
The boulder beetle stops rolling and uncurls.
The eight-headed hydra bites you! x2; The eight-headed hydra bites you.
The eight-headed hydra misses you. The eight-headed hydra bites you. x2
The eight-headed hydra closely misses you.
The eight-headed hydra bites you.
You lop one of the eight-headed hydra's heads off!
The seven-headed hydra grows two more!
You slash the nine-headed hydra!
The nine-headed hydra is lightly wounded.
The boulder beetle curls into a ball and begins rolling!
Unknown command.
You slice one of the nine-headed hydra's heads off!
The eight-headed hydra grows two more!
You slice the ten-headed hydra!! You headbutt the ten-headed hydra!
The ten-headed hydra is heavily wounded.
The ten-headed hydra bites you!
* * * LOW HITPOINT WARNING * * *
The ten-headed hydra bites you!
* * * LOW HITPOINT WARNING * * *
The ten-headed hydra bites you!
* * * LOW HITPOINT WARNING * * *
The ten-headed hydra bites you.
* * * LOW HITPOINT WARNING * * *
The ten-headed hydra barely misses you.
The ten-headed hydra bites you but does no damage.
The ten-headed hydra bites you!
* * * LOW HITPOINT WARNING * * *
The ten-headed hydra bites you.
You die... ▓▓▓▓▓▓▓▓▓▓▓▓▓▓▓▓▓▓▓▓▓▓▓▓ '.?)).[[.='.))..@DWBlO.. ▓▓▓▓▓▓▓▓▓▓▓▓▓▓▓▓▓▓▓▓▓▓▓▓

You could see a boulder beetle (rolling), a ten-headed hydra, a two-headed ogre, a basilisk and a wraith.

Vanquished Creatures
  A troll (D)
  An ogre (D)
  A centaur (D)
  A killer bee (D)
  A howler monkey (D)
  A hound (D)
  An orc wizard (D)
  2 adders (D)
  A bat zombie (D)
  An endoplasm (D)
  A hobgoblin (D)
  A quokka (D)
  A ball python zombie (D)
  A giant cockroach zombie (D)
  2 rats (D)
17 creatures vanquished.

Notes
Turn   | Place    | Note
-------+----------+-------------------------------------------
     0 | D        | Zeld the Minotaur Berserker began the quest for the Orb.
     0 | D        | Reached XP level 1. HP: 19/19 MP: 0/0
    11 | D        | Reached ** piety under Trog
    51 | D        | Noticed a hound
    51 | D        | Noticed an ogre
    54 | D        | Killed a hound
    55 | D        | Reached skill level 5 in Fighting
    55 | D        | Reached skill level 5 in Axes
    55 | D        | Reached XP level 2. HP: 30/30 MP: 1/1
    55 | D        | Reached XP level 3. HP: 37/37 MP: 2/2
    56 | D        | Reached *** piety under Trog
    65 | D        | Killed an ogre
    66 | D        | Reached skill level 5 in Armour
    66 | D        | Reached XP level 4. HP: 48/48 MP: 3/3
    66 | D        | Reached XP level 5. HP: 53/53 MP: 4/4
   114 | D        | Found a snail-covered altar of Cheibriados.
   114 | D        | Found a shadowy altar of Dithmenos.
   114 | D        | Found a white marble altar of Elyvilon.
   114 | D        | Found a blossoming altar of Fedhas.
   114 | D        | Found an opulent altar of Gozag.
   115 | D        | Found a hazy altar of Hepliaklqana.
   116 | D        | Found a viscous altar of Jiyva.
   117 | D        | Found an ancient bone altar of Kikubaaqudgha.
   118 | D        | Found a corrupted altar of Lugonu.
   119 | D        | Found a burning altar of Makhleb.
   120 | D        | Found a sparkling altar of Nemelex Xobeh.
   121 | D        | Found an iron altar of Okawaru.
   122 | D        | Found a stormy altar of Qazlal.
   123 | D        | Found a sacrificial altar of Ru.
   124 | D        | Found a shimmering blue altar of Sif Muna.
   125 | D        | Found a bloodstained altar of Trog.
   126 | D        | Found a hide-covered altar of Uskayaw.
   127 | D        | Found a radiant altar of Vehumet.
   128 | D        | Found an ornate altar of the Wu Jian Council.
   129 | D        | Found a shimmering altar of Xom.
   130 | D        | Found a basalt altar of Yredelemnul.
   131 | D        | Found a glowing silver altar of Zin.
   132 | D        | Found a glowing golden altar of the Shining One.
   171 | D        | Noticed a troll
   171 | D        | Noticed a centaur
   174 | D        | Reached skill level 5 in Dodging
   178 | D        | Killed a troll
   178 | D        | Reached **** piety under Trog
   179 | D        | Reached skill level 10 in Fighting
   179 | D        | Reached skill level 10 in Axes
   179 | D        | Reached XP level 6. HP: 21/67 MP: 5/5
   188 | D        | Reached ***** piety under Trog
   590 | D        | Noticed a wraith
   590 | D        | Noticed a six-headed hydra
   590 | D        | Noticed a basilisk
   590 | D        | Noticed a boulder beetle
   590 | D        | Noticed a two-headed ogre
   593 | D        | Reached XP level 7. HP: 74/74 MP: 6/6
   597 | D        | HP: 1/111 [ten-headed hydra (11)]
   597 | D        | Slain by a ten-headed hydra

Illustrated notes

Levels and vault maps discovered:
D:        linesprint [early_d, line_temple, items_1, d_10, items_2, lair_1,
          lair_end, items_3, orc_1, orc_end, items_4, d_15, swamp_1, shoals_1,
          snake_1, spider_1, d_20, vaults_1, items_5, swamp_end, shoals_end,
          snake_end, spider_end, vaults_end, d_27, items_6, zot_1, zot_end,
          crypt_end, forest_end, elf_end, slime_end, tomb_end, abyss_end,
          pan_hell_end]

Skill      XL: |  1  2  3  4  5  6 |
---------------+-------------------+-----
Fighting       | 5 7 10 11 | 11.1
Axes           | 5 7 10 11 | 11.1
Armour         | 3 5 7 |  7.8
Dodging        | 3 4 6 7 |  7.0

Action                   |  1- 3 |  4- 6 |  7- 9 || total
-------------------------+-------+-------+-------++-------
Melee: Hand axe          |    24 |     1 |       ||    25
       Headbutt          |     2 |     6 |     2 ||    10
       Broad axe         |       |    14 |     5 ||    19
Invok: Berserk           |     1 |     2 |       ||     3
Armor: Animal skin       |     3 |     8 |     3 ||    14
Dodge: Dodged            |    11 |    12 |     5 ||    28
